 Dungeon Sprint DCSS version 0.24-a0-784-g601f8f6d22 (webtiles) character file.

Game seed: 6542787705093957680, levelgen mode: deterministic

6 IC0N0FSIN the Shield-Bearer (level 2, -1/25 HPs)
             Began as a Formicid Fighter on Oct 9, 2019.
             Slain by a hippogriff (7 damage)
             ... in the Dungeon (Sprint II: "The Violet Keep of Menkaure").
             The game lasted 00:00:54 (76 turns).

IC0N0FSIN the Shield-Bearer (Formicid Fighter)        Turns: 76, Time: 00:00:55

Health: -1/25      AC:  7    Str: 25    XL:     2   Next: 0%
Magic:  2/2        EV:  8    Int:  7    God:
Gold:   243        SH: 10    Dex: 10    Spells: 1/1 levels left

rFire    . . .     SeeInvis +   a - +0 quarterstaff
rCold    . . .     Gourm    .   c - +0 shield
rNeg     . . .     Faith    .   b - +0 scale mail
rPois    .         Spirit   .   (helmet unavailable)
rElec    .         Reflect  .   (no cloak)
rCorr    .         Harm     .   (no gloves)
MR       .....                  (no boots)
Stlth    ..........             (no amulet)
HPRegen  0.08/turn              (no ring)
MPRegen  0.08/turn              (no ring)

@: mighty
A: permanent stasis, dig shafts and tunnels, four strong arms, antennae 3
a: Dig


You were in the Dungeon.
You were not hungry.

You visited 1 branch You collected 243 gold pieces.

Inventory:

Hand Weapons
 a - a +0 quarterstaff (weapon)
Armour
 b - a +0 scale mail (worn)
 c - a +0 shield (worn)
Scrolls
 k - a scroll of blinking
Potions
 h - a potion of haste
 i - 2 potions of magic
 j - a potion of berserk rage
Comestibles
 f - a ration
 l - 4 chunks of flesh


   Skills:
 + Level 4.0 Fighting
 + Level 2.4 Staves
 + Level 3.8 Armour
 + Level 4.3 Shields


You had one spell level left.
You didn't know any spells.
Your spell library was empty.

Dungeon Overview and Level Annotations

Branches:
Dungeon (1/1)

Altars:

Annotations:
D exclusion: orange crystal statue


Innate Abilities, Weirdness & Mutations

You cannot be hasted, slowed, berserked, paralysed or teleported.
You can dig through walls and to a lower floor.
Your four strong arms can wield two-handed weapons with a shield.
You have a pair of large antennae on your head. (SInv)


Message History

You block the hippogriff's attack.
You hit the hippogriff but do no damage.
The hippogriff is moderately wounded.
The hippogriff barely misses you. The hippogriff pecks you.
The hippogriff claws you. The hippogriff bites you.
* * * LOW HITPOINT WARNING * * *
The hippogriff pecks you but does no damage.
The hippogriff claws you but does no damage.
You feel much better. The hippogriff bites you! The hippogriff pecks you.
The hippogriff completely misses you.
You feel very mighty all of a sudden. The hippogriff closely misses you.
You block the hippogriff's attack. x2
You barely miss the hippogriff.
The hippogriff is moderately wounded.
You block the hippogriff's attack. The hippogriff pecks you.
* * * LOW HITPOINT WARNING * * *
The hippogriff claws you.
* * * LOW HITPOINT WARNING * * *
You feel better. The hippogriff bites you!
You die...

{ ##
## .#
#. H#.
{ #H#
{ {
##@##
{
+.<.+
{
##.##
{ {
#'## {
#..##
{##..#
#.## {
#'##
≈≈≈


You could see 2 hippogriffs.

Vanquished Creatures
  2 worms (D)
2 creatures vanquished.

Vanquished Creatures (others)
  A crocodile (D)
1 creature vanquished.

Grand Total: 3 creatures vanquished

Notes
Turn   | Place    | Note
-------+----------+-------------------------------------------
     0 | D        | IC0N0FSIN the Formicid Fighter began the quest for the Orb.
     0 | D        | Reached XP level 1. HP: 18/18 MP: 1/1
    12 | D        | Reached XP level 2. HP: 21/25 MP: 2/2
    18 | D        | Killed a crocodile
    60 | D        | Noticed an orange crystal statue
    67 | D        | Noticed a hippogriff
    67 | D        | Noticed a hippogriff
    75 | D        | HP: 1/25 [hippogriff (6)]
    76 | D        | Slain by a hippogriff

Levels and vault maps discovered:
D:        the_violet_keep_of_menkaure [sprint2_stairs_cluster_1,
          sprint2_shoproom, sprint2_temple, sprint2_basic_supplies,
          sprint2_obstacle_4, sprint2_obstacle_6, sprint2_obstacle_2,
          sprint2_obstacle_3, sprint2_obstacle_1, sprint2_timed_cluster_1,
          sprint2_smallroom_cluster_1, sprint2_smallroom_final_cluster_1,
          sprint2_transparent_cluster_1, sprint2_second_timed_cluster_1,
          sprint2_sniper_area_1, sprint2_heavy_combat_area_1,
          sprint2_mutation_trap_area_1, sprint2_forest_area_1,
          sprint2_light_combat_area_1, sprint2_behind_water_1,
          sprint2_near_end_vault_1]

Skill      XL: |  1 |
---------------+----+-----
Shields        | 4 |  4.3
Fighting       | 4 |  4.0
Staves         | |  2.4
Armour         | |  3.8

Action                   || total
-------------------------++-------
Melee: Quarterstaff      ||    13
  Use: Potion            ||     3
Armor: Scale mail        ||     5
Dodge: Dodged            ||     6
Block: Shield            ||     8

Table legend:
 A = Non-vault XP
 B = Vault XP
 C = Vault XP percentage of total XP
 D = Non-vault monster count
 E = Vault monster count
 F = Vault count percentage of total count
                 A         B        C        D         E       F
            +---------+---------+-------+---------+---------+-------
      Total |       0 |       9 | 100.0 |       0 |       2 | 100.0
            +---------+---------+-------+---------+---------+-------
          D |       0 |       9 | 100.0 |       0 |       2 | 100.0
            +---------+---------+-------+---------+---------+-------
